 Dungeon Crawl Stone Soup version 0.27.0 (webtiles) character file.

Game seed: 2521066616001926070

165 gimp the Poker (level 5, 0/44 HPs)
             Began as a Merfolk Fighter on July 31, 2021.
             Slain by a gnoll (8 damage)
             ... on level 2 of the Dungeon.
             The game lasted 00:02:13 (1694 turns).

gimp the Poker (Merfolk Fighter)                    Turns: 1694, Time: 00:02:13

Health: 0/44       AC:  6    Str: 18    XL:     5   Next: 46%
Magic:  5/5        EV:  7    Int:  7    God:
Gold:   91         SH:  9    Dex: 13    Spells: 4/4 levels left

rFire    . . .     SeeInvis .   a - +0 trident
rCold    . . .     Faith    .   c - +0 kite shield
rNeg     . . .     Spirit   .   b - +0 scale mail
rPois    .         Reflect  .   (no helmet)
rElec    .         Harm     .   (no cloak)
rCorr    .         Rampage  .   (no gloves)
Will     .....                  (no boots)
Stlth    ..........             (no amulet)
HPRegen  0.14/turn              (no ring)
MPRegen  0.09/turn              (no ring)

@: lethally poisoned (0 -> -14), slowed, very slow
A: (nimble swimmer 2), mertail
a: no special abilities


You were on level 2 of the Dungeon.
You visited 1 branch of the dungeon, and saw 2 of its levels.

You collected 91 gold pieces.

Inventory:

Hand Weapons
 a - a +0 trident (weapon)
 i - a +0 war axe
Armour
 b - a +0 scale mail (worn)
 c - a +0 kite shield (worn)
Jewellery
 g - a +4 ring of slaying
Scrolls
 d - a scroll of magic mapping {unknown}
 f - a scroll of blinking {unknown}
 h - 2 scrolls of identify {unknown}
Potions
 e - a potion of flight


   Skills:
 + Level 5.2 Fighting
 + Level 6.0 Polearms
 - Level 2.1 Armour
 - Level 3.0 Shields


You had 4 spell levels left.
You didn't know any spells.
Your spell library was empty.

Dungeon Overview and Level Annotations

Branches:
Dungeon (2/15)

Altars:


Innate Abilities, Weirdness & Mutations

((You are quick and stealthy near water. (Stealth+, EV+, Speed+++)))
Your lower body shifts to a powerful aquatic tail in water.


Message History

You reach to attack!
You barely miss the gnoll.
The gnoll is severely wounded.
The gnoll hits you from afar with a +0 halberd!
You take 9 damage, and have 29/44 hp.
MASSIVE DAMAGE!!
You reach to attack!
Your scale mail prevents you from hitting the gnoll.
The gnoll is severely wounded.
You block the gnoll's attack. The gnoll hits you but does no damage.
You reach to attack!
You hit the gnoll.
The gnoll is almost dead.
The gnoll throws a curare-tipped dart.
The curare-tipped dart hits you.
You are poisoned.
You have difficulty breathing.
You feel yourself slow down.
You take 7 damage, and have 22/44 hp.
You are too injured to fight recklessly!
You are too injured to fight recklessly!
Reach: a) +0 trident
Press: ? - help, Dir - move target, f/p - gnoll
Aim: a gnoll, wielding a +0 halberd, wearing a +0 leather armour and quivering curare-tipped darts (almost dead, about 35% to evade your +0 trident)
You reach to attack!
Your scale mail prevents you from hitting the gnoll.
The gnoll is almost dead.
You feel very sick. You block the gnoll's attack.
The gnoll hits you from afar with a +0 halberd.
You take 5 damage, and have 17/44 hp.
Reach: a) +0 trident
Press: ? - help, Dir - move target, f/p - gnoll
Aim: a gnoll, wielding a +0 halberd, wearing a +0 leather armour and quivering curare-tipped darts (almost dead, about 35% to evade your +0 trident)
You reach to attack!
Your shield and scale mail prevent you from hitting the gnoll.
The gnoll is almost dead.
You feel sick.
The gnoll throws a curare-tipped dart.
The curare-tipped dart hits you.
You are more poisoned.
You have difficulty breathing.
* * * LOW HITPOINT WARNING * * *
You feel as though you will be slow longer.
The gnoll hits you from afar with a +0 halberd!
You die...

##... #.##.# #.#### #..
#.##.###.#### ##... . #
#.##........# #.##
#...#.##.######.##.# ...#
........(######.##.# .#.#
##.....#........##.# .#.#
#..##.#g#####..##.# .#.#
#..##.#.#####..##.# .#.#
#..##.#@##.....##.#
.#.#######..##.#.##.##.###.#
............##.#.##.##(# #.#
.#.######...##.#.......# #<#
.#.# #.....###......######)#
.#.###.###.########### #...#
.......# #...........# #.###
...###.###.#########.# #.#
...# #.....# #.# #.#


You could see a gnoll.

Vanquished Creatures
  An ogre (D:2)
  An adder (D:2)
  3 gnolls
  A dart slug (D:2)
  2 ball pythons
  4 endoplasms
  3 giant cockroaches
  2 goblins (D:1)
  5 hobgoblins
  3 jackals (D:1)
  3 kobolds
  2 quokkas (D:2)
  6 bats
  A rat (D:1)
37 creatures vanquished.

Notes
Turn   | Place    | Note
-------+----------+-------------------------------------------
     0 | D:1      | gimp the Merfolk Fighter began the quest for the Orb.
     0 | D:1      | Reached XP level 1. HP: 18/18 MP: 1/1
    36 | D:1      | Reached XP level 2. HP: 18/24 MP: 2/2
   283 | D:1      | Reached skill level 4 in Polearms
   327 | D:1      | Reached XP level 3. HP: 30/30 MP: 3/3
   865 | D:2      | Noticed an ogre
   871 | D:2      | Killed an ogre
   872 | D:2      | Reached skill level 5 in Fighting
   872 | D:2      | Reached skill level 5 in Polearms
   872 | D:2      | Reached XP level 4. HP: 6/39 MP: 4/4
   872 | D:2      | Reached XP level 5. HP: 7/44 MP: 5/5
  1402 | D:2      | Reached skill level 6 in Polearms
  1694 | D:2      | Slain by a gnoll

Illustrated notes

Levels and vault maps discovered:
D:1:      amcnicky_arrival_feature_with_door, layout_rooms
D:2:      layout_loops_ring, basic_ecumenical_altar

Skill      XL: |  1  2  3  4  5 |
---------------+----------------+-----
Polearms       | 4 5 6 |  6.0
Fighting       | 5 |  5.2
Armour         | |  2.1
Shields        | |  3.0

Action                   |  1- 3 |  4- 6 || total
-------------------------+-------+-------++-------
Melee: Trident           |    74 |    65 ||   139
  Use: Potion            |     1 |     2 ||     3
Armor: Scale mail        |    29 |    26 ||    55
Dodge: Dodged            |    18 |    12 ||    30
Block: Kite shield       |    33 |    30 ||    63
